 Dungeon Crawl Stone Soup version 0.22-a0-587-g7d32d7c7ae (webtiles) character file.

56 Hibernaculum the Ruffian (level 3, -1/30 (31) HPs)
             Began as a Ghoul Monk on July 4, 2018.
             Slain by a gnoll (7 damage)
             ... on level 1 of the Dungeon.
             The game lasted 00:02:09 (1484 turns).

Hibernaculum the Ruffian (Ghoul Monk)               Turns: 1484, Time: 00:02:10

HP:   -1/30 (31)    AC:  2    Str: 15    XL:     3   Next: 95%
MP:   2/2           EV:  9    Int:  5    God:
Gold: 22            SH:  7    Dex: 11    Spells: 2/2 levels left

rFire    . . .     SeeInvis .     - Unarmed
rCold    + . .     Gourm    .   i - +0 shield (curse)
rNeg     + + +     Faith    .   a - +0 robe
rPois    ∞         Spirit   .   (no helmet)
rElec    .         Reflect  .   (no cloak)
rCorr    .         Harm     .   (no gloves)
MR       .....                  (no boots)
Stlth    ++........             (no amulet)
HPRegen  0.00/turn              (no ring)
MPRegen  0.08/turn              (no ring)

@: rotting
A: rotting body, claws 1, carnivore, cold resistance 1, negative energy
resistance 3, inhibited regeneration, torment resistance, unbreathing
a: no special abilities


You were on level 1 of the Dungeon.
You were not hungry.

You visited 1 branch of the dungeon, and saw 2 of its levels.

You collected 22 gold pieces.

Inventory:

Armour
 a - a +0 robe (worn)
 i - a cursed +0 shield (worn)
Scrolls
 d - 3 scrolls of identify {unknown}
 f - a scroll of teleportation {unknown}
 g - a scroll of immolation {unknown}
Potions
 c - a potion of might {unknown}
 e - a potion of resistance {unknown}
 j - a potion of invisibility {unknown}
 k - a potion of flight {unknown}
Comestibles
 b - 3 rations


   Skills:
 - Level 3.2 Fighting
 - Level 2.6 Dodging
 - Level 2.1 Stealth
 + Level 5.2 Unarmed Combat


You had 2 spell levels left.
You didn't know any spells.
Your spell library was empty.

Dungeon Overview and Level Annotations

Branches:
Dungeon (2/15)

Altars:


Innate Abilities, Weirdness & Mutations

Your body is rotting away.
You thrive on raw meat.
You are immune to poison.
You have sharp fingernails.
You are carnivorous and can eat meat at any time.
Your flesh is cold resistant. (rC+)
You are immune to negative energy. (rN+++)
You do not regenerate when monsters are visible.
You are immune to unholy pain and torment.
You can survive without breathing.


Message History

You feel your flesh rotting away.
There is a stone staircase leading down here.
You start resting.
HP restored.
You climb downwards.
The gnoll hits you with a spear.
There is a stone staircase leading up here.
The gnoll closely misses you. You block the gnoll's attack.
You climb upwards.
There is a stone staircase leading down here.
The gnoll hits you with a spear.
You see here a spear.
The gnoll hits you from afar with a spear.
You see here a mace.
You scratch the gnoll.
The gnoll is lightly wounded.
You block the gnoll's attack.
The gnoll hits you from afar with a spear!
* * * LOW HITPOINT WARNING * * *
The gnoll hits you!
You die...

...#.######.............#.##.#...
.#.......[..#.#.#.#.#.#.#.##.#...
................####.##.#.##.#...
.........####.#....#.##.#.##.#...
......................#.#....####
.........#####...######.######
.............'..g.......#
.........#####..g########
........## #..@# ....(...#
####...##### ........#
#..........#
........###..........############
#.##+#....+..........'..>........
#.##.#.####..........#########...
#.##.#................########...
#.##....#############+#..........
#.#####.##########...........#...


You could see 2 gnolls.

Vanquished Creatures
  A gnoll (D:1)
  3 dart slugs (D:1)
  2 giant cockroaches (D:1)
  4 goblins (D:1)
  7 hobgoblins
  4 jackals (D:1)
  4 kobolds
  4 bats (D:1)
  3 frilled lizards (D:1)
  5 rats (D:1)
37 creatures vanquished.

Vanquished Creatures (others)
  A giant cockroach (D:1)
1 creature vanquished.

Grand Total: 38 creatures vanquished

Notes
Turn   | Place    | Note
-------+----------+-------------------------------------------
     0 | D:1      | Hibernaculum the Ghoul Monk began the quest for the Orb.
     0 | D:1      | Reached XP level 1. HP: 19/19 MP: 0/0
   196 | D:1      | Reached XP level 2. HP: 14/26 MP: 1/1
   197 | D:1      | Reached skill level 4 in Unarmed Combat
   437 | D:1      | Reached XP level 3. HP: 31/31 MP: 2/2
  1279 | D:2      | Reached skill level 5 in Unarmed Combat
  1484 | D:1      | Slain by a gnoll

Vault maps used:
D:1:      dpeg_arrival_renting, st_stairs_10, lemuel_flame_loot_1
D:2:      makhleb_heckhound_becter, uniq_jessica

Skill      XL: |  1  2  3 |
---------------+----------+-----
Unarmed Combat | 4 5 |  5.2
Fighting       | |  3.2
Dodging        | |  2.6
Stealth        | |  2.1

Action                   || total
-------------------------++-------
Melee: Unarmed           ||    97
       Punch             ||     3
 Stab: Sleeping          ||     4
  Eat: Chunk             ||    19
Armor: Robe              ||    29
Dodge: Dodged            ||    58
Block: Shield            ||    17

Table legend:
 A = Spawn XP
 B = Non-spawn XP
 C = Spawn XP percentage of total XP
 D = Spawn monster count
 E = Non-spawn monster count
 F = Spawn count percentage of total count
 G = Total turns spent on level
                    A         B        C        D         E        F      G
               +---------+---------+-------+---------+---------+-------+---------
         Total |       0 |      80 |   0.0 |       0 |      37 |   0.0 |  1484
               +---------+---------+-------+---------+---------+-------+---------
           D:1 |       0 |      75 |   0.0 |       0 |      34 |   0.0 |  1389
           D:2 |       0 |       5 |   0.0 |       0 |       3 |   0.0 |    95
               +---------+---------+-------+---------+---------+-------+---------
